 Dungeon Crawl Stone Soup version 0.31.0-11-ge490571c62 (webtiles) character file.

Game seed: 5683478743335580330

147 Curundu the Chopper (level 5, 0/70 HPs)
             Began as a Minotaur Berserker on Feb 5, 2024.
             Was a Believer of Trog.
             Succumbed to a kobold brigand's curare-tipped dart
             ... in a sewer.
             The game lasted 00:05:46 (2065 turns).

Curundu the Chopper (Minotaur Berserker)            Turns: 2065, Time: 00:05:47

Health: 0/70       AC: 11    Str: 24    XL:     5   Next: 8%
Magic:  4/4        EV:  7    Int:  4    God:    Trog [**....]
Gold:   76         SH:  0    Dex:  9    Spells: 4/4 levels left

rFire   . . .        l - +0 war axe
rCold   . . .        (no shield)
rNeg    . . .        i - +0 plate armour
rPois   .            (helmet restricted)
rElec   .            (no cloak)
rCorr   .            (no gloves)
SInv    .            (no boots)
Will    .....        (no amulet) Stlth
                     (no ring)
HPRegen 0.31/turn    (no ring)
MPRegen 0.09/turn

%: no passive effects
@: berserking, lethally poisoned (0 -> -5), slowed
A: horns 2, retaliatory headbutt
a: Renounce Religion, Berserk, Trog's Hand


You were in a sewer.
You worshipped Trog.
Trog was pleased with you.
You visited 1 branch of the dungeon, and saw 3 of its levels.
You also visited: Sewer.

You collected 76 gold pieces.

Inventory:

Hand Weapons
 l - a +0 war axe (weapon)
Missiles
 d - 2 boomerangs (quivered)
Armour
 i - a +0 plate armour (worn)
Scrolls
 a - a scroll of enchant armour {unknown}
 b - a scroll of blinking {unknown}
 c - a scroll of teleportation
Potions
 e - a potion of curing
 h - 2 potions of might {unknown}
 j - a potion of heal wounds {unknown}


   Skills:
 + Level 4.7 Fighting
 + Level 5.3 Axes
 + Level 3.2 Armour
 + Level 3.0 Dodging
 + Level 0.1 Stealth


You had 4 spell levels left.
You didn't know any spells.
Your spell library was empty.

Dungeon Overview and Level Annotations

Branches:
Dungeon (3/15)              Sewer (1/1)

Altars:


Innate Abilities, Weirdness & Mutations

You have a pair of horns on your head.
You reflexively headbutt those who attack you in melee.


Message History

You have difficulty breathing.
You feel yourself slow down.
Found a scroll labelled XILYMIBBAI, a dark potion and a cyan potion.
Found a gate leading back out of this place.
You hit the kobold. Your headbutt misses the kobold.
The kobold is moderately wounded.
You completely miss the plant.
You feel very sick. The kobold hits you but does no damage.
You hit the kobold.
You kill the kobold!
Trog accepts your kill.
You hit the plant.
The plant begins to die.
You feel very sick.
The kobold brigand throws a curare-tipped dart.
The curare-tipped dart hits you.
You are more poisoned.
You have difficulty breathing.
You feel as though you will be slow longer.
You feel very sick.
A nearby plant withers and dies.
There is a large open door here.
You feel very sick.
The kobold brigand hits you but does no damage.
The kobold hits you with a +0 short sword.
* * * LOW HITPOINT WARNING * * *
You closely miss the kobold brigand. You slash the kobold!
You kill the kobold!
Trog accepts your kill.
You feel very sick.
The kobold brigand hits you with a +0 short sword of flaming.
* * * LOW HITPOINT WARNING * * *
The kobold brigand burns you.
* * * LOW HITPOINT WARNING * * *
The kobold brigand hits you with a +0 short sword of flaming.
* * * LOW HITPOINT WARNING * * *
The kobold brigand burns you.
* * * LOW HITPOINT WARNING * * *
A red film seems to cover your vision as you go berserk!
You feel yourself moving faster!
You feel mighty!
You die...

.~ ~~~
~~~#################
~~~~~~~~~~~~~~~~~~≈#
≈≈≈≈~≈≈≈≈≈~≈≈≈≈≈~≈≈#
~~~~~~~~~~~~~~~~~~≈#
######~~########'###
....~~~~~.#.!..#...#
....~~P~..'@K∩?#.∩.#
....P....)'.)..#.∩.#
.....P....#..!.#####
........########
.....##.# ##### ###


You could see a kobold brigand.

Vanquished Creatures
  2 orc priests (D:3)
  3 adders
  2 dart slugs
  A ribbon worm (D:3)
  4 orcs (D:3)
  6 ball pythons
  7 endoplasms
  2 giant cockroaches
  4 goblins
  5 hobgoblins
  A quokka (D:1)
  5 bats
  4 kobolds
  5 rats
51 creatures vanquished.

Notes
Turn   | Place    | Note
-------+----------+-------------------------------------------
     0 | D:1      | Curundu the Minotaur Berserker began the quest for the Orb.
     0 | D:1      | Reached XP level 1. HP: 19/19 MP: 0/0
   159 | D:1      | Reached XP level 2. HP: 17/27 MP: 1/1
   300 | D:1      | Reached skill level 4 in Axes
   773 | D:2      | Reached ** piety under Trog
   774 | D:2      | Reached XP level 3. HP: 26/33 MP: 2/2
  1536 | D:3      | Reached XP level 4. HP: 41/41 MP: 3/3
  1540 | D:3      | Reached skill level 5 in Axes
  1873 | D:3      | Reached XP level 5. HP: 47/47 MP: 4/4
  2019 | D:3      | Found a glowing drain.
  2041 | Sewer    | Entered a sewer
  2064 | Sewer    | HP: 2/47 [kobold brigand/+0 short sword of flaming (5)]
  2065 | Sewer    | Succumbed to a kobold brigand's curare-tipped dart

Illustrated notes

Levels and vault maps discovered:
D:1:      zelgadis_glass_arrival_small, layout_loops_cross
D:2:      layout_basic
D:3:      layout_basic, cheibrodos_sewer_entry_bend, minmay_misc_feat_room,
          minmay_misc_feat_encased, amethyst_killhole, minmay_misc_feat_alley
Sewer:    kennysheep_pipe_town

Skill      XL: |  1  2  3  4 |
---------------+-------------+-----
Fighting       | 4 |  4.7
Axes           | 4 5 |  5.3
Armour         | 3 |  3.2
Dodging        | 3 |  3.0
Stealth        | |  0.1

Action                     |  1- 3 |  4- 6 || total
---------------------------+-------+-------++-------
  Melee: Hand axe          |    80 |     4 ||    84
         Headbutt          |     8 |     2 ||    10
         War axe           |       |    21 ||    21
         Punch             |       |     1 ||     1
 Invoke: Trog's Hand       |     1 |       ||     1
         Berserk           |       |     1 ||     1
    Use: Scroll            |       |     5 ||     5
 Armour: Animal skin       |    18 |       ||    18
         Scale mail        |    17 |       ||    17
         Plate armour      |    25 |    19 ||    44
  Dodge: Dodged            |    40 |    11 ||    51
